 Dungeon Crawl Stone Soup version 0.28-a0-895-g6e5f11bd55 (webtiles) character file.

Game seed: 9069286526525486492

67 enile the Skirmisher (level 4, -3/37 HPs)
             Began as a Formicid Cinder Acolyte on Nov 22, 2021.
             Was a High Priest of Ignis.
             Slain by an orc (10 damage)
             ... on level 3 of the Dungeon.
             The game lasted 00:06:07 (2238 turns).

enile the Skirmisher (Formicid Cinder Acolyte)      Turns: 2238, Time: 00:06:08

Health: -3/37      AC:  2    Str: 19    XL:     4   Next: 40%
Magic:  5/5        EV: 11    Int: 14    God:    Ignis [*****.]
Gold:   99         SH:  0    Dex:  6    Spells: 5/5 levels left

rFire   + . .      SeeInvis +   a - -1 falchion (flame)
rCold   . . .      Faith    .   (no shield)
rNeg    . . .      Spirit   .   b - +0 robe
rPois   .          Reflect  .   (helmet unavailable)
rElec   .          Harm     .   (no cloak)
rCorr   .          Rampage  .   (no gloves)
Will    .....                   (no boots)
Stlth   ++........              (no amulet)
HPRegen 0.12/turn               (no ring)
MPRegen 0.09/turn               (no ring)

@: no status effects
A: permanent stasis, dig shafts and tunnels, antennae 3, four strong arms
a: Dig, Shaft Self, Renounce Religion, Sea of Fire, Foxfire Swarm, Rising Flame


You were on level 3 of the Dungeon.
You worshipped Ignis.
Ignis was extremely pleased with you.
You visited 1 branch of the dungeon, and saw 4 of its levels.

You collected 99 gold pieces.

Inventory:

Hand Weapons
 a - a -1 falchion of flaming (weapon)
 j - a +1 dagger of holy wrath
Armour
 b - a +0 robe (worn)
 e - a +0 ring mail
 g - a +0 pair of gloves
 i - a +1 helmet
 k - a +0 kite shield
Jewellery
 m - a ring of magical power
Scrolls
 c - a scroll of teleportation {unknown}
 h - a scroll of immolation {unknown}
 l - a scroll of identify {unknown}
Potions
 d - a potion of haste {unknown}
 f - a potion of curing {unknown}


   Skills:
 - Level 4.0 Fighting
 - Level 3.0 Long Blades
 - Level 1.0 Armour
 - Level 1.0 Dodging
 - Level 3.0 Stealth
 + Level 1.0 Shields
 - Level 1.1 Spellcasting
 - Level 3.0 Fire Magic


You had 5 spell levels left.
You didn't know any spells.
Your spell library contained the following spells:

 Spells                   Type           Power      Damage    Failure   Level
 Scorch                   Fire           18%        2d5       12%         2
 Ensorcelled Hibernation  Hex/Ice        0%         N/A       36%         2
 Spider Form              Tmut/Pois      0%         N/A       61%         3


Dungeon Overview and Level Annotations

Branches:
Dungeon (4/15)
 Temple: D:4-7

Altars:

Shops:
D:1 !


Innate Abilities, Weirdness & Mutations

You cannot be hasted, slowed, berserked, paralysed or teleported.
You can dig through walls and to a lower floor.
You have a pair of large antennae on your head. (SInv)
Your four strong arms can wield two-handed weapons with a shield.


Message History

A giant cockroach comes into view.
A giant cockroach and an orc come into view.
The giant cockroach closely misses you.
You slash the giant cockroach! You burn the giant cockroach.
You kill the giant cockroach!
The orc shouts!
You hear a shout!
An orc comes into view. It is wielding a +0 flail.
The orc barely misses you.
You closely miss the orc. The orc hits you with a +0 falchion.
You closely miss the orc. The orc barely misses you.
You hit the orc. You burn the orc.
The orc is heavily wounded.
The orc hits you with a +0 falchion.
You hit the orc but do no damage.
The orc is heavily wounded.
The orc misses you. The orc hits you with a +0 flail.
The orc closely misses you.
You slash the orc! You burn the orc.
You kill the orc!
The orc closely misses you.
Your Shields skill increases to level 1!
You closely miss the orc. The orc hits you with a +0 flail!
You barely miss the orc. The orc hits you with a +0 flail.
You are too injured to fight recklessly!
You are too injured to fight recklessly!
You are too injured to fight recklessly!
An orc is nearby!
An orc is nearby!
You closely miss the orc. The orc misses you.
You closely miss the orc. The orc closely misses you.
The orc hits you with a +0 flail.
* * * LOW HITPOINT WARNING * * *
You hit the orc. You burn the orc.
The orc is heavily wounded.
The orc hits you with a +0 flail.
* * * LOW HITPOINT WARNING * * *
You closely miss the orc.
The orc is heavily wounded.
The orc hits you with a +0 flail!
You die...

#.............#.##..........
#.###..###### #.##..........
.. ##.## #.##.......... ...
#..# #.##.......... #.. ##.#
#.##.......... #.{ { #.# .#
####+##+#### #{{{{
#.#####.#.### #
#.....o...... # {
#....@)...... #
#............ .
#............ #
##.####.#.### #.. .# # #..
.# #... # #...


You could see an orc.

Vanquished Creatures
  An adder (D:2)
  A dart slug (D:1)
  An orc (D:3)
  5 ball pythons
  2 bats
  5 endoplasms
  4 giant cockroaches
  7 goblins
  4 hobgoblins
  6 jackals
  3 quokkas
  3 frilled lizards
  2 kobolds (D:1)
  2 rats (D:1)
46 creatures vanquished.

Notes
Turn   | Place    | Note
-------+----------+-------------------------------------------
     0 | D:1      | enile the Formicid Cinder Acolyte began the quest for the
                  | Orb.
     0 | D:1      | Reached XP level 1. HP: 18/18 MP: 2/2
    22 | D:1      | Reached skill level 1 in Armour
    25 | D:1      | Reached XP level 2. HP: 22/24 MP: 3/3
    79 | D:1      | Reached skill level 1 in Dodging
   507 | D:1      | Reached XP level 3. HP: 30/30 MP: 4/4
   520 | D:1      | Found Wiaschei's Distillery.
   542 | D:1      | Reached skill level 4 in Fighting
   749 | D:1      | Found a faded altar of an unknown god.
   766 | D:1      | Reached skill level 1 in Stealth
  1554 | D:2      | Reached XP level 4. HP: 18/37 MP: 5/5
  2082 | D:2      | You fall into a shaft and drop 2 floors!
  2233 | D:3      | Reached skill level 1 in Shields
  2238 | D:3      | Slain by an orc

Illustrated notes

Levels and vault maps discovered:
D:1:      heliophobic_arrival_ceremonial_halls, layout_loops_ring,
          shapermc_ecumenical_altar_venn, serial_shops, shop, st_stairs_14
D:2:      minmay_recursive_quarters, layout_loops_ring
D:3:      layout_basic, mainiacjoe_overflow_chevrons,
          nemelex_xobeh_ov_fountains_minmay, uniq_robin
D:4:      layout_loops_ring, zin_purify, mainiacjoe_overflow_six_doors_small,
          mainiacjoe_overflow_boulevard, general_overflow_altar, st_stairs_14,
          uniq_natasha

Skill      XL: |  1  2  3  4 |
---------------+-------------+-----
Armour         | 1 |  1.0
Dodging        | 1 |  1.0
Fighting       | 4 |  4.0
Stealth        | 2 3 |  3.0
Shields        | 1 |  1.0
Long Blades    | |  3.0
Spellcasting   | |  1.1
Fire Magic     | |  3.0

Action                   |  1- 3 |  4- 6 || total
-------------------------+-------+-------++-------
Melee: Falchion          |   129 |    48 ||   177
 Stab: Sleeping          |     3 |     2 ||     5
Armor: Robe              |    27 |    16 ||    43
Dodge: Dodged            |    80 |    31 ||   111

Table legend: (Time is in decaauts)
 A = Elapsed time spent in this place.
 B = Non-inter-level travel time spent in this place.
 C = Inter-level travel time spent in this place.
 D = Time resting spent in this place.
 E = Time spent auto-exploring this place.
 F = Levels seen in this place.
 G = Mean time per level.
                   A        B        C        D        E       F      G
               +--------+--------+--------+--------+--------+-----+--------+
         Total |   2264 |   2228 |     36 |    257 |   1549 |   4 |  566.0 |
       Dungeon |   2264 |   2228 |     36 |    257 |   1549 |   4 |  566.0 |
               +--------+--------+--------+--------+--------+-----+--------+

Top non-repeatable levels by time:
     D:1: 1632 daAuts
     D:2: 472 daAuts
     D:3: 148 daAuts
     D:4: 10 daAuts
